cohdb
Replays
Latest Replays
All Replays
Popular Replays
Top Player Replays
Match Explorer
How It Works
Community
CoH3 Stats
Reddit
Sign in to upload your games and track your stats! →
Sign in with Steam
Match 42352557
Unlisted
Match 42352557
Overview
Messages
Build Orders
End
Selects Italian Coastal Battlegroup
Selects Coastal Reserves
Coastal Reserve
Construct Infanterie Kompanie
MG 42 Machine Gun Team
Construct Luftwaffe Kompanie
Jäger Squad
Jäger Squad
Jäger Squad
Selects Support Bunkers
Selects Rapid Fortifications
Rapid Fortifications
Medical Bunker
Construct Panzer Kompanie
Rapid Fortifications
Medical Bunker
Selects Bulwark
Sturmpanzer IV Brummbär
Panzer IV Medium Tank
Rapid Fortifications
Anti-tank Bunker
MG 42 Bunker
Panzer IV Medium Tank
Rapid Fortifications
Selects Artillery Officer
MG 42 Bunker
Panzer Officer Quarters
Side Skirts
Rapid Fortifications
Anti-tank Bunker
Panzer IV Medium Tank
Rapid Fortifications
Medical Bunker
Selects Obice da 210/22 Artillery Emplacement
Panzer IV Medium Tank
Rapid Fortifications
Anti-tank Bunker
Coastal Reserve
Rapid Fortifications
Anti-tank Bunker
Panzer IV Medium Tank
Panzer IV Medium Tank
Pioneer Squad
midmaster543210
Germal
いきざま
WrebbsJohnsonGiver
BATTLEDANNY1
BlackJackKing
.
bigsweeds1212
0
0
Comments
sign in to comment!
No comments posted yet!